[Event "ICC tourney 2161 (75 10)"]
[Site "Internet Chess Club"]
[Date "2020.11.29"]
[Round "7"]
[White "KyleZhuang"]
[Black "MathMonkey"]
[Result "0-1"]
[ICCResult "White resigns"]
[WhiteElo "1629"]
[BlackElo "1147"]
[Opening "Ruy Lopez: Wormald (Alapin) attack"]
[ECO "C77"]
[NIC "RL.12"]
[Time "11:04:51"]
[PlyCount "60"]
[TimeControl "4500+10"]


1. e4 e5 2. Nf3 Nc6 3. Bb5 a6 4. Ba4 Nf6 5. Qe2 b5 6. Bb3 Bc5 7. d3 d6 8.
c3 O-O 9. O-O Bg4 10. Nbd2 Nh5 11. Bc2 Nf4 12. Qd1 Qf6 13. Re1 Qg6 14. Nf1
Nh3+ 15. gxh3 Bxf3+ 16. Ng3 Bxd1 17. Rxd1 h5 18. d4 exd4 19. cxd4 Nxd4 20.
Bd3 h4 21. e5 Qe6 22. Ne4 Qxh3 23. Bf4 Qg4+ 24. Kh1 Qxf4 25. Nxc5 Nf3 26.
Kg2 h3+ 27. Kf1 Nxh2+ 28. Ke2 dxc5 29. Rg1 c4 30. Bc2 Rad8 { White resigns
} 0-1

[Event "ICC tourney 2161 (75 10)"]
[Site "Internet Chess Club"]
[Date "2020.11.29"]
[Round "7"]
[White "kittycat35"]
[Black "hemtej-g"]
[Result "1-0"]
[ICCResult "Black resigns"]
[WhiteElo "1717"]
[BlackElo "1594"]
[Opening "Sicilian: accelerated fianchetto, modern variation"]
[ECO "B34"]
[NIC "SI.33"]
[Time "11:04:37"]
[PlyCount "55"]
[TimeControl "4500+10"]


1. e4 c5 2. Nf3 Nc6 3. d4 cxd4 4. Nxd4 g6 5. Nc3 Bg7 6. Be3 e6 7. g3 a6 8.
Bg2 Nge7 9. O-O O-O 10. a3 b5 11. Re1 Bb7 12. Qd2 d5 13. Nxc6 Bxc6 14. exd5
Nxd5 15. Nxd5 Bxd5 16. Bxd5 Qxd5 17. Qxd5 exd5 18. c3 f5 19. Rad1 Rad8 20.
Rd3 Rf6 21. Bg5 h6 22. Bxf6 Bxf6 23. Re6 Kf7 24. Rxa6 g5 25. Rb6 d4 26.
cxd4 Bxd4 27. Rb7+ Kg6 28. Kf1 { Black resigns } 1-0

[Event "ICC tourney 2161 (75 10)"]
[Site "Internet Chess Club"]
[Date "2020.11.29"]
[Round "7"]
[White "lovechess12"]
[Black "Yamato1945"]
[Result "0-1"]
[ICCResult "White resigns"]
[WhiteElo "1285"]
[BlackElo "1434"]
[Opening "Caro-Kann: advance variation"]
[ECO "B12"]
[NIC "CK.02"]
[Time "11:15:10"]
[PlyCount "44"]
[TimeControl "4500+10"]


1. e4 c6 2. d4 d5 3. e5 c5 4. c3 Nc6 5. Nf3 Bg4 6. Be2 e6 7. h3 Bf5 8. O-O
Nge7 9. Bg5 cxd4 10. cxd4 Qd7 11. Nc3 h6 12. Bh4 g5 13. Bg3 Rg8 14. Bd3 h5
15. h4 g4 16. Ng5 Nxd4 17. Bf4 Ng6 18. Be3 Nxe5 19. Bxf5 Nxf5 20. Nh7 Be7
21. Bg5 Qd8 22. Bxe7 Qxe7 { White resigns } 0-1

[Event "ICC tourney 2161 (75 10)"]
[Site "Internet Chess Club"]
[Date "2020.11.29"]
[Round "7"]
[White "sidb123"]
[Black "vedu24"]
[Result "1/2-1/2"]
[ICCResult "Game drawn by mutual agreement"]
[WhiteElo "1389"]
[BlackElo "1524"]
[Opening "Giuoco Pianissimo: Italian four knights variation"]
[ECO "C50"]
[NIC "IG.02"]
[Time "11:04:35"]
[PlyCount "42"]
[TimeControl "4500+10"]


1. e4 e5 2. Nf3 Nc6 3. Bc4 Bc5 4. Nc3 Nf6 5. d3 d6 6. h3 Be6 7. Bb3 Qd7 8.
Ba4 a6 9. O-O b5 10. Bb3 Nd4 11. Bxe6 Qxe6 12. Nxd4 Bxd4 13. Ne2 Bb6 14.
Ng3 O-O 15. Re1 d5 16. Qf3 Rad8 17. Be3 d4 18. Bd2 c5 19. Nf5 Kh8 20. Bg5
h6 21. Nxh6 Rd7 { Game drawn by mutual agreement } 1/2-1/2

[Event "ICC tourney 2161 (75 10)"]
[Site "Internet Chess Club"]
[Date "2020.11.29"]
[Round "7"]
[White "mehtaaditya"]
[Black "JonesGill"]
[Result "1-0"]
[ICCResult "Black checkmated"]
[WhiteElo "1511"]
[BlackElo "1228"]
[Opening "Sicilian: Grand Prix attack"]
[ECO "B23"]
[NIC "SI.44"]
[Time "11:04:50"]
[PlyCount "73"]
[TimeControl "4500+10"]


1. e4 c5 2. Nc3 Nc6 3. f4 g6 4. Nf3 Bg7 5. Bb5 Nd4 6. O-O a6 7. Be2 e6 8.
d3 Ne7 9. Qd2 b5 10. Nd1 O-O 11. c3 Ndc6 12. Nf2 d5 13. e5 Qb6 14. Ng4 Rd8
15. Nf6+ Bxf6 16. exf6 Nf5 17. g4 Nd6 18. f5 c4+ 19. d4 Ne4 20. Qh6 Nxf6
21. Bg5 Nxg4 22. Qh4 f6 23. fxg6 Qc7 24. Bd2 f5 25. h3 hxg6 26. hxg4 Qe7
27. Qxe7 Nxe7 28. gxf5 gxf5 29. Ne5 Bb7 30. Bg5 Kf8 31. Bh5 Rdc8 32. Nd7+
Kg7 33. Bxe7 Rc7 34. Bf6+ Kh6 35. Kf2 Rxd7 36. Rh1 Rd6 37. Bf7# { Black
checkmated } 1-0

[Event "ICC tourney 2161 (75 10)"]
[Site "Internet Chess Club"]
[Date "2020.11.29"]
[Round "7"]
[White "handsomematch"]
[Black "ChessG2011"]
[Result "1-0"]
[ICCResult "Black resigns"]
[WhiteElo "1222"]
[BlackElo "1200"]
[Opening "Ruy Lopez: 5.O-O"]
[ECO "C78"]
[NIC "RL.12"]
[Time "11:04:51"]
[PlyCount "129"]
[TimeControl "4500+10"]


1. e4 e5 2. Nf3 Nc6 3. Bb5 a6 4. Ba4 Nf6 5. O-O b5 6. Bb3 Bc5 7. c3 d6 8.
a4 Rb8 9. d4 Bb6 10. a5 Ba7 11. Be3 exd4 12. cxd4 O-O 13. h3 Nxe4 14. Bd5
Nxf2 15. Rxf2 Ne7 16. Bb3 Nf5 17. Nbd2 Nxe3 18. Qe2 Re8 19. Re1 Bb7 20. Ne5
dxe5 21. Bxf7+ Kh8 22. Bxe8 Qxe8 23. Qxe3 Bxd4 24. Qg3 Bxf2+ 25. Qxf2 Qe7
26. Qg3 Qb4 27. Qxe5 Rg8 28. Re2 Qxa5 29. Nb3 Qb6+ 30. Kh1 Qf6 31. Qxf6
gxf6 32. Nc5 Bd5 33. Nxa6 c6 34. Nc7 Kg7 35. Nxd5 cxd5 36. Re7+ Kg6 37. Rd7
Re8 38. Rxd5 Re5 39. Rxe5 fxe5 40. Kg1 Kf5 41. Kf1 Ke4 42. Ke2 b4 43. b3
Kd4 44. Kd2 e4 45. g4 e3+ 46. Ke2 Kc3 47. g5 Kd4 48. h4 Ke4 49. h5 Kf5 50.
g6 hxg6 51. hxg6 Kxg6 52. Kxe3 Kf6 53. Kd4 Ke6 54. Kc4 Kd6 55. Kxb4 Kd7 56.
Kb5 Kc7 57. Kc5 Kb7 58. Kb5 Kc7 59. Ka6 Kc8 60. b4 Kb8 61. Kb6 Kc8 62. Ka7
Kc7 63. b5 Kd6 64. b6 Kc6 65. b7 { Black resigns } 1-0

[Event "ICC tourney 2161 (75 10)"]
[Site "Internet Chess Club"]
[Date "2020.11.29"]
[Round "7"]
[White "donquiscot"]
[Black "mutantpenguin"]
[Result "1-0"]
[ICCResult "Black checkmated"]
[WhiteElo "1585"]
[BlackElo "1348"]
[Opening "French: exchange variation"]
[ECO "C01"]
[NIC "FR.01"]
[Time "11:04:42"]
[PlyCount "85"]
[TimeControl "4500+10"]


1. e4 e6 2. d4 d5 3. exd5 exd5 4. Be2 Bd6 5. Nf3 Nf6 6. O-O O-O 7. c3 Bf5
8. Re1 Re8 9. Nbd2 c6 10. Nf1 h6 11. Ng3 Bh7 12. c4 Nbd7 13. c5 Bc7 14. b4
b6 15. Be3 Bxg3 16. hxg3 Ne4 17. Rc1 bxc5 18. dxc5 Nxg3 19. Ba6 Nh5 20. Bb7
Rb8 21. Bxc6 Ndf6 22. Bxe8 Nxe8 23. a3 Nhf6 24. Nd4 Rc8 25. a4 Ne4 26. b5
Nxc5 27. Nc6 Rxc6 28. Bxc5 Rg6 29. Bxa7 Nc7 30. Rxc7 Kh8 31. Rce7 Qa5 32.
b6 Bg8 33. Re8 Rf6 34. Qd4 Qa6 35. R1e3 Qb7 36. Rg3 h5 37. Rxg8+ Kxg8 38.
Qxf6 g6 39. Re3 Qc8 40. Re7 Qf8 41. b7 d4 42. Bxd4 Qxe7 43. Qg7# { Black
checkmated } 1-0

[Event "ICC tourney 2161 (75 10)"]
[Site "Internet Chess Club"]
[Date "2020.11.29"]
[Round "7"]
[White "Khammurabi"]
[Black "JavierDix"]
[Result "0-1"]
[ICCResult "White resigns"]
[WhiteElo "1601"]
[BlackElo "1421"]
[Opening "French defense, Steiner variation"]
[ECO "C00"]
[NIC "FR.01"]
[Time "11:05:16"]
[PlyCount "58"]
[TimeControl "4500+10"]


1. e4 e6 2. c4 g6 3. d4 Bg7 4. Be3 c5 5. Nc3 Qa5 6. Qd2 Nc6 7. Nf3 Nb4 8.
Be2 Nf6 9. a3 Nxe4 10. Qc1 Nxc3 11. axb4 Nxe2 12. bxa5 Nxc1 13. Rxc1 O-O
14. Rc2 b6 15. dxc5 bxa5 16. O-O Bb7 17. Nd4 a6 18. Nb3 a4 19. Na5 Be4 20.
Rd2 Rab8 21. f3 Ba8 22. Rxd7 Rxb2 23. c6 Bc3 24. Nb7 Bxb7 25. Rxb7 Rxb7 26.
cxb7 Rb8 27. Rb1 a3 28. Ba7 a2 29. Ra1 Bxa1 { White resigns } 0-1

[Event "ICC tourney 2161 (75 10)"]
[Site "Internet Chess Club"]
[Date "2020.11.29"]
[Round "7"]
[White "Tomasleo"]
[Black "Liopleuradon15"]
[Result "1-0"]
[ICCResult "Black resigns"]
[WhiteElo "1416"]
[BlackElo "1474"]
[Opening "Scotch: Göring gambit"]
[ECO "C44"]
[NIC "SO.06"]
[Time "11:04:35"]
[PlyCount "105"]
[TimeControl "4500+10"]


1. e4 e5 2. Nf3 Nc6 3. d4 exd4 4. c3 dxc3 5. Bc4 Nf6 6. e5 d5 7. Nxc3 dxc4
8. Qxd8+ Nxd8 9. exf6 gxf6 10. Nd5 Ne6 11. Nxf6+ Kd8 12. O-O c6 13. Ng5 Bd6
14. Nxf7+ Ke7 15. Nxd6 Kxd6 16. Bd2 Ke7 17. Bc3 Rf8 18. Ne4 b6 19. Rac1 Ba6
20. Rfe1 Rae8 21. Ng5 Rf6 22. Bxf6+ Kxf6 23. Rxe6+ Rxe6 24. Nxe6 Kxe6 25.
f4 c5 26. g4 b5 27. f5+ Kf6 28. Kf2 b4 29. Ke3 Kg5 30. h4+ Kf6 31. Kf4 h6
32. g5+ hxg5+ 33. hxg5+ Kf7 34. Ke5 Bb5 35. Kd5 Bd7 36. f6 Be6+ 37. Kd6 a5
38. Re1 Bf5 39. Re7+ Kf8 40. Kxc5 c3 41. bxc3 bxc3 42. Kb5 c2 43. Re1 Kf7
44. Kxa5 Be6 45. a4 Kg6 46. Rg1 Bc4 47. Kb4 Bd3 48. a5 c1=Q 49. Rxc1 Bf5
50. a6 Be6 51. a7 Bd5 52. Rc7 Ba8 53. f7 { Black resigns } 1-0

[Event "ICC tourney 2161 (75 10)"]
[Site "Internet Chess Club"]
[Date "2020.11.29"]
[Round "7"]
[White "rachael1120"]
[Black "CheddarCheng1"]
[Result "1-0"]
[ICCResult "Black checkmated"]
[WhiteElo "1683"]
[BlackElo "1463"]
[Opening "Four knights: Italian variation"]
[ECO "C55"]
[NIC "IG.01"]
[Time "11:04:29"]
[PlyCount "49"]
[TimeControl "4500+10"]


1. e4 e5 2. Nf3 Nc6 3. Bc4 Nf6 4. Nc3 Nxe4 5. Bxf7+ Kxf7 6. Nxe4 Be7 7. d4
exd4 8. Nxd4 d5 9. Nxc6 bxc6 10. Qf3+ Bf6 11. Ng5+ Kg6 12. h4 Re8+ 13. Kf1
Ba6+ 14. Kg1 Re1+ 15. Kh2 Rxh1+ 16. Kxh1 h5 17. g4 hxg4 18. Qxg4 Bxg5 19.
Bxg5 Qc8 20. Qg3 Be2 21. Rg1 Kh7 22. Bf4 Qd7 23. Be5 Rg8 24. Qg6+ Kh8 25.
Qh6# { Black checkmated } 1-0

[Event "ICC tourney 2161 (75 10)"]
[Site "Internet Chess Club"]
[Date "2020.11.29"]
[Round "7"]
[White "UltimateDL"]
[Black "Han366"]
[Result "1-0"]
[ICCResult "Black resigns"]
[WhiteElo "1480"]
[BlackElo "1700"]
[Opening "French: advance, Euwe variation"]
[ECO "C02"]
[NIC "FR.03"]
[Time "11:04:59"]
[PlyCount "55"]
[TimeControl "4500+10"]


1. e4 e6 2. d4 d5 3. e5 c5 4. c3 Nc6 5. Nf3 Bd7 6. Bd3 cxd4 7. cxd4 Qb6 8.
O-O Nxd4 9. Nxd4 Qxd4 10. Qe2 a6 11. Nc3 Rc8 12. Rd1 Bc5 13. Bc2 Qb4 14. a3
Qc4 15. Qxc4 dxc4 16. Ne4 Ne7 17. Be3 Bxe3 18. Nd6+ Kd8 19. Nxf7+ Kc7 20.
fxe3 Rhf8 21. Nd6 Rb8 22. Nxc4 Nd5 23. Bxh7 Rh8 24. Be4 Bc6 25. Rac1 Rh5
26. Bf3 Rbh8 27. Bxh5 Rxh5 28. Rf1 { Black resigns } 1-0

[Event "ICC tourney 2161 (75 10)"]
[Site "Internet Chess Club"]
[Date "2020.11.29"]
[Round "7"]
[White "AwarePiece"]
[Black "falcongw"]
[Result "1-0"]
[ICCResult "Black checkmated"]
[WhiteElo "1779"]
[BlackElo "1256"]
[Opening "Sicilian"]
[ECO "B54"]
[NIC "SI.01"]
[Time "11:04:57"]
[PlyCount "69"]
[TimeControl "4500+10"]


1. e4 c5 2. Nf3 d6 3. d4 cxd4 4. Nxd4 Nc6 5. Nc3 g6 6. Be3 Nf6 7. Bc4 Bg7
8. Nb3 a6 9. a4 Bd7 10. Qd2 Ng4 11. h3 Nxe3 12. Qxe3 Qc7 13. Nd5 Qd8 14.
Nb6 Bxb2 15. Rb1 Bg7 16. Nxa8 Qxa8 17. O-O O-O 18. Nd2 Nd4 19. Bb3 Rc8 20.
Nc4 Qa7 21. Nb6 Rc3 22. Qe1 Bxh3 23. Nd5 Nf3+ 24. gxf3 Rxf3 25. Qe2 Bg4 26.
Qd2 Rg3+ 27. Kh2 Rh3+ 28. Kg2 Be5 29. f4 h5 30. fxe5 h4 31. Nxe7+ Kf8 32.
Qh6+ Ke8 33. Qh8+ Kd7 34. Qc8+ Kxe7 35. Rxf7# { Black checkmated } 1-0

[Event "ICC tourney 2161 (75 10)"]
[Site "Internet Chess Club"]
[Date "2020.11.29"]
[Round "7"]
[White "Jeffchess"]
[Black "lerui"]
[Result "0-1"]
[ICCResult "White checkmated"]
[WhiteElo "1236"]
[BlackElo "1146"]
[Opening "Giuoco Piano: four knights variation"]
[ECO "C50"]
[NIC "IG.02"]
[Time "11:04:28"]
[PlyCount "116"]
[TimeControl "4500+10"]


1. e4 e5 2. Nf3 Nc6 3. Bc4 Bc5 4. Nc3 Nf6 5. Bxf7+ Kxf7 6. Nxe5+ Nxe5 7. d4
Bxd4 8. Qxd4 d6 9. Bg5 Nc6 10. Bxf6 Nxd4 11. Bxd8 Rxd8 12. O-O-O Nc6 13. f4
Bd7 14. Nb5 Rac8 15. Rhf1 Kg8 16. h3 a6 17. Nc3 Be6 18. g4 Bc4 19. Rg1 Rf8
20. f5 Ne5 21. b3 Bf7 22. g5 Bh5 23. Rdf1 Bf7 24. h4 g6 25. f6 Be6 26. Ne2
Bf7 27. Nf4 b6 28. Rd1 Rcd8 29. Kb2 Rfe8 30. Rge1 a5 31. Nd3 c5 32. c4 Nf3
33. Re3 Ne5 34. Nxe5 Rxe5 35. Ka3 Be8 36. Rd5 Bc6 37. Red3 Bxd5 38. exd5
Kf7 39. Ka4 Re2 40. Rh3 Rxa2+ 41. Kb5 Ra3 42. Re3 Re8 43. Rxe8 Kxe8 44.
Kxb6 Rxb3+ 45. Kxa5 Rb4 46. Ka6 Rxc4 47. Kb5 Rxh4 48. Kc6 c4 49. Kxd6 c3
50. Ke6 Re4+ 51. Kd6 c2 52. f7+ Kxf7 53. Kd7 c1=Q 54. d6 Qxg5 55. Kc7 Rc4+
56. Kd7 Qf5+ 57. Kd8 Qe6 58. d7 Qe7# { White checkmated } 0-1

[Event "ICC tourney 2161 (75 10)"]
[Site "Internet Chess Club"]
[Date "2020.11.29"]
[Round "7"]
[White "chessmaster0981"]
[Black "Aram99"]
[Result "1/2-1/2"]
[ICCResult "Game drawn by mutual agreement"]
[WhiteElo "1579"]
[BlackElo "1700"]
[Opening "Grünfeld: 5.e3"]
[ECO "D94"]
[NIC "GI.09"]
[Time "11:04:47"]
[PlyCount "49"]
[TimeControl "4500+10"]


1. d4 Nf6 2. Nf3 g6 3. c4 Bg7 4. Nc3 d5 5. e3 O-O 6. b3 c5 7. cxd5 Nxd5 8.
Nxd5 Qxd5 9. Bc4 Qd6 10. Ba3 Na6 11. O-O Nb4 12. dxc5 Qxd1 13. Raxd1 Nxa2
14. Ng5 Nc3 15. Rd2 h6 16. Nf3 Bf5 17. Nd4 Nb1 18. Ra2 Nxa3 19. Rxa3 Bxd4
20. exd4 Rfd8 21. Rd1 a6 22. Ra2 e5 23. d5 Rac8 24. b4 Be4 25. Re2 { Game
drawn by mutual agreement } 1/2-1/2

[Event "ICC tourney 2161 (75 10)"]
[Site "Internet Chess Club"]
[Date "2020.11.29"]
[Round "7"]
[White "davidtxie"]
[Black "Purushottam123"]
[Result "1-0"]
[ICCResult "Black resigns"]
[WhiteElo "1682"]
[BlackElo "1572"]
[Opening "Sicilian defense"]
[ECO "B40"]
[NIC "SI.43"]
[Time "11:04:34"]
[PlyCount "115"]
[TimeControl "4500+10"]


1. e4 c5 2. Nf3 e6 3. d3 Nc6 4. g3 d5 5. exd5 exd5 6. Bg2 Nf6 7. O-O Be7 8.
d4 O-O 9. c3 Bg4 10. Qd3 Ne4 11. Nbd2 Bf5 12. Qb5 Rb8 13. Nxe4 dxe4 14. Ne5
Nxe5 15. dxe5 a6 16. Qe2 Qd3 17. Re1 Qxe2 18. Rxe2 Rfd8 19. Bxe4 Rd1+ 20.
Kg2 Bxe4+ 21. Rxe4 Rbd8 22. b3 R8d3 23. Bb2 Rxa1 24. Bxa1 Rd1 25. Bb2 Rd2
26. Bc1 Rxa2 27. c4 Rc2 28. Ba3 Kf8 29. Kf3 b6 30. Re3 Ra2 31. Bc1 Rc2 32.
Ba3 b5 33. Re2 Rxe2 34. Kxe2 Ke8 35. Kd3 Kd7 36. f4 h5 37. Ke4 g6 38. Kd5
b4 39. Bc1 Kc7 40. h3 Kb6 41. g4 a5 42. gxh5 gxh5 43. f5 a4 44. bxa4 b3 45.
Bb2 Bd8 46. Kd6 Bh4 47. e6 fxe6 48. fxe6 Ka5 49. Kxc5 Be7+ 50. Kc6 Kxa4 51.
Kd7 Bc5 52. e7 Bxe7 53. Kxe7 Kb4 54. Kf6 Kxc4 55. Kg5 Kd5 56. Kxh5 Ke6 57.
Kg6 Ke7 58. Kg7 { Black resigns } 1-0

[Event "ICC tourney 2161 (75 10)"]
[Site "Internet Chess Club"]
[Date "2020.11.29"]
[Round "7"]
[White "StevChess01"]
[Black "RaymondJiang1"]
[Result "1/2-1/2"]
[ICCResult "Game drawn by mutual agreement"]
[WhiteElo "1725"]
[BlackElo "1456"]
[Opening "QGA, 4.Nc3"]
[ECO "D24"]
[NIC "QG.05"]
[Time "11:04:37"]
[PlyCount "48"]
[TimeControl "4500+10"]


1. d4 d5 2. c4 dxc4 3. Nf3 Nf6 4. Nc3 Bf5 5. Qa4+ Nbd7 6. Qxc4 e6 7. e3 Be7
8. Be2 O-O 9. O-O Nb6 10. Qb3 c5 11. Rd1 Qc7 12. Nb5 Qc6 13. Ne5 Qc8 14.
Nxa7 Rxa7 15. Qxb6 Ra8 16. f3 cxd4 17. exd4 Bc2 18. Rd2 Ba4 19. Bc4 Nd5 20.
Bxd5 exd5 21. b3 Ra6 22. Qxa6 bxa6 23. bxa4 Bg5 24. Rd1 Bf6 { Game drawn by
mutual agreement } 1/2-1/2

[Event "ICC tourney 2161 (75 10)"]
[Site "Internet Chess Club"]
[Date "2020.11.29"]
[Round "7"]
[White "trucker"]
[Black "Nacaroa-Dan"]
[Result "0-1"]
[ICCResult "White resigns"]
[WhiteElo "1664"]
[BlackElo "1571"]
[Opening "Scandinavian defense"]
[ECO "B01"]
[NIC "SD.03"]
[Time "11:04:59"]
[PlyCount "72"]
[TimeControl "4500+10"]


1. e4 d5 2. exd5 Nf6 3. d4 Bg4 4. Be2 Bxe2 5. Qxe2 Qxd5 6. Nf3 e6 7. O-O
Bd6 8. c4 Qe4 9. Be3 O-O 10. Nc3 Qf5 11. c5 Be7 12. Ne5 h6 13. g4 Qh7 14.
Rac1 c6 15. Bf4 Nbd7 16. Rfe1 Rad8 17. Rcd1 Nd5 18. Bg3 Nxe5 19. Bxe5 Qg6
20. Kh1 Bf6 21. Bg3 Nb4 22. Bd6 Rfe8 23. f4 Nd5 24. Ne4 Be7 25. Qf3 f5 26.
gxf5 exf5 27. Nc3 Nxc3 28. Rxe7 Nxd1 29. Qxd1 Rxe7 30. Bxe7 Re8 31. Bd6 Qg4
32. Qb3+ Kh7 33. Be5 Re7 34. h3 Qe2 35. Kg1 a6 36. Qc3 Re6 { White resigns
} 0-1

[Event "ICC tourney 2161 (75 10)"]
[Site "Internet Chess Club"]
[Date "2020.11.29"]
[Round "7"]
[White "Niteshc"]
[Black "Priccchess"]
[Result "0-1"]
[ICCResult "White checkmated"]
[WhiteElo "1630"]
[BlackElo "1777"]
[Opening "Philidor: Steinitz variation"]
[ECO "C41"]
[NIC "KP.10"]
[Time "11:04:54"]
[PlyCount "74"]
[TimeControl "4500+10"]


1. e4 e5 2. Nf3 d6 3. Bc4 Be7 4. c3 Nf6 5. d3 O-O 6. O-O h6 7. h3 a6 8. Bb3
Nc6 9. d4 exd4 10. Nxd4 Nxe4 11. Be3 Nxd4 12. Qxd4 Nc5 13. Bc2 Bf6 14. Qd2
Re8 15. b4 Ne4 16. Qd3 Bf5 17. g4 Bg6 18. Qe2 Nxc3 19. Nxc3 Bxc3 20. Bxg6
Bxa1 21. Bxf7+ Kxf7 22. Rxa1 Kg8 23. Rc1 c6 24. Rd1 d5 25. Qd3 Qe7 26. Re1
Qe4 27. Qb3 Qf3 28. Rd1 Qxh3 29. Rd4 Kh8 30. g5 Re6 31. Qb1 Rxe3 32. Qc1
Re4 33. Rxe4 dxe4 34. Qf4 Rd8 35. Qc1 Rd5 36. Qf1 Rxg5+ 37. Qg2 Qxg2# {
White checkmated } 0-1

[Event "ICC tourney 2161 (75 10)"]
[Site "Internet Chess Club"]
[Date "2020.11.29"]
[Round "7"]
[White "attalone"]
[Black "sophiaz7"]
[Result "1-0"]
[ICCResult "Black checkmated"]
[WhiteElo "1700"]
[BlackElo "1462"]
[Opening "QGD semi-Slav"]
[ECO "D43"]
[NIC "QO.16"]
[Time "11:04:51"]
[PlyCount "101"]
[TimeControl "4500+10"]


1. d4 d5 2. c4 e6 3. Nc3 Nf6 4. Nf3 c6 5. cxd5 exd5 6. Bg5 Nbd7 7. e3 Be7
8. Bd3 O-O 9. O-O Re8 10. Bf4 Nf8 11. Bg3 Ng6 12. Qc2 Bd6 13. Bxd6 Qxd6 14.
h3 Qd8 15. Bxg6 hxg6 16. Ne5 Bf5 17. Qb3 Qc8 18. f4 Nd7 19. Rac1 Nxe5 20.
fxe5 Qd7 21. Na4 Rab8 22. Nc5 Qe7 23. Rce1 Red8 24. Rf4 b6 25. Na4 c5 26.
Nc3 Be6 27. Qd1 Qg5 28. Qf3 c4 29. Kh1 b5 30. Rf1 Qe7 31. Qg3 a6 32. Rd1
Rdc8 33. e4 dxe4 34. Nxe4 b4 35. Nd6 Rc7 36. d5 Bd7 37. Rxf7 Qd8 38. Qxg6
Qf8 39. Rxf8+ Rxf8 40. Rc1 c3 41. bxc3 bxc3 42. Qd3 c2 43. Rxc2 Rxc2 44.
Qxc2 Rf1+ 45. Kh2 Rf8 46. Qc7 Ba4 47. e6 Kh7 48. Nf7 Bb5 49. Qe5 a5 50.
Qh5+ Kg8 51. Qh8# { Black checkmated } 1-0

[Event "ICC tourney 2161 (75 10)"]
[Site "Internet Chess Club"]
[Date "2020.11.29"]
[Round "7"]
[White "kwarrier"]
[Black "joeandjoe56"]
[Result "0-1"]
[ICCResult "White resigns"]
[WhiteElo "1472"]
[BlackElo "1736"]
[Opening "Scotch gambit"]
[ECO "C44"]
[NIC "SO.06"]
[Time "11:04:58"]
[PlyCount "88"]
[TimeControl "4500+10"]


1. e4 e5 2. Nf3 Nc6 3. d4 exd4 4. Bc4 Bc5 5. Ng5 Nh6 6. Nxf7 Nxf7 7. Bxf7+
Kxf7 8. Qh5+ g6 9. Qxc5 d6 10. Qc4+ Be6 11. Qd3 Re8 12. O-O d5 13. b3 dxe4
14. Qxe4 Kg8 15. Qd3 Qd5 16. Qg3 Bf5 17. c4 dxc3 18. Nxc3 Qd3 19. Bf4 Qxg3
20. fxg3 Nb4 21. a3 Nc2 22. Ra2 c6 23. g4 Bd3 24. Rd1 Re1+ 25. Rxe1 Nxe1
26. Rd2 Rf8 27. Ne2 Bxe2 28. Rxe2 Rxf4 29. Rxe1 Kf7 30. Rf1 Rxf1+ 31. Kxf1
Ke6 32. Ke2 Kd5 33. Kd3 a5 34. g5 b5 35. g4 c5 36. h4 c4+ 37. bxc4+ bxc4+
38. Kc3 Kc5 39. h5 Kd5 40. hxg6 hxg6 41. Kb2 Kd4 42. a4 Kd3 43. Kc1 Kc3 44.
Kd1 Kb2 { White resigns } 0-1

[Event "ICC tourney 2161 (75 10)"]
[Site "Internet Chess Club"]
[Date "2020.11.29"]
[Round "7"]
[White "jackl514"]
[Black "michaelpang"]
[Result "1-0"]
[ICCResult "Black resigns"]
[WhiteElo "1585"]
[BlackElo "1574"]
[Opening "Sicilian: Najdorf, 7...Be7 main line"]
[ECO "B99"]
[NIC "SI.09"]
[Time "11:04:32"]
[PlyCount "65"]
[TimeControl "4500+10"]


1. e4 c5 2. Nf3 d6 3. d4 cxd4 4. Nxd4 Nf6 5. Nc3 a6 6. Bg5 e6 7. f4 Be7 8.
Qf3 Qc7 9. O-O-O Nbd7 10. g4 b5 11. Bxf6 Nxf6 12. g5 Nd7 13. f5 Nc5 14. f6
gxf6 15. gxf6 Bf8 16. Bg2 Bb7 17. Rhe1 Rc8 18. Qg4 b4 19. Nce2 b3 20. axb3
Nxb3+ 21. Kb1 Nxd4 22. Nxd4 e5 23. Rd2 exd4 24. e5 Qd7 25. exd6+ Kd8 26.
Qxd4 Rc6 27. Bxc6 Qxc6 28. d7 Bd6 29. Qxd6 Qxd6 30. Rxd6 Rg8 31. Re7 a5 32.
b3 h6 33. Rb6 { Black resigns } 1-0

[Event "ICC tourney 2161 (75 10)"]
[Site "Internet Chess Club"]
[Date "2020.11.29"]
[Round "7"]
[White "tcrgm"]
[Black "TheSuperKing"]
[Result "0-1"]
[ICCResult "White checkmated"]
[WhiteElo "1582"]
[BlackElo "1731"]
[Opening "Giuoco Piano"]
[ECO "C54"]
[NIC "IG.02"]
[Time "11:04:43"]
[PlyCount "80"]
[TimeControl "4500+10"]


1. e4 e5 2. Nf3 Nc6 3. Bc4 Bc5 4. c3 Nf6 5. d4 exd4 6. cxd4 Bb4+ 7. Bd2
Bxd2+ 8. Nbxd2 d5 9. exd5 Nxd5 10. O-O O-O 11. Nb3 Nf4 12. Qd2 Qf6 13. Rfe1
Bg4 14. Re4 Nh3+ 15. gxh3 Bxf3 16. Rf4 Qg6+ 17. Kf1 Qg2+ 18. Ke1 Rae8+ 19.
Qe2 Bxe2 20. Bxe2 Qg1+ 21. Kd2 Qg5 22. Kc3 Qxf4 23. Bd3 Qd6 24. a3 a6 25.
Rh1 Nxd4 26. Nxd4 Qc5+ 27. Kd2 Qxd4 28. Kc2 Qxf2+ 29. Kb1 Re1+ 30. Rxe1
Qxe1+ 31. Ka2 Qe6+ 32. Kb1 Qxh3 33. Bc2 Qxh2 34. Bb3 Qh1+ 35. Ka2 Qf3 36.
Bxf7+ Rxf7 37. a4 Qd5+ 38. b3 Rf2+ 39. Ka3 Qc5+ 40. b4 Qc3# { White
checkmated } 0-1

[Event "ICC tourney 2161 (75 10)"]
[Site "Internet Chess Club"]
[Date "2020.11.29"]
[Round "7"]
[White "FlowingMelody"]
[Black "atjn494"]
[Result "1-0"]
[ICCResult "Black checkmated"]
[WhiteElo "1317"]
[BlackElo "1568"]
[Opening "Pirc: classical system, 5.Be2"]
[ECO "B06"]
[NIC "PU.03"]
[Time "11:04:37"]
[PlyCount "69"]
[TimeControl "4500+10"]


1. e4 g6 2. Nf3 Bg7 3. d4 d6 4. Nc3 Nf6 5. Be2 O-O 6. O-O Nbd7 7. Bf4 Nh5
8. Be3 e5 9. dxe5 dxe5 10. Qd2 f5 11. exf5 gxf5 12. Nxe5 Bxe5 13. Bxh5 Qh4
14. f4 Bxc3 15. Qxc3 Qxh5 16. Rf3 Nf6 17. Rg3+ Kh8 18. Qxc7 Qf7 19. Qc3 Bd7
20. Bd4 Rac8 21. Qd3 Bc6 22. Qxf5 Be4 23. Qxe4 Rg8 24. Rh3 Rg7 25. Qf5 Rf8
26. Re1 Rg6 27. Bc5 Rfg8 28. g3 Qc4 29. c3 Qxa2 30. Bd4 Qa6 31. Qh5 R6g7
32. Qh6 Rf8 33. Bxf6 Rxf6 34. Re8+ Rg8 35. Qxh7# { Black checkmated } 1-0

[Event "ICC tourney 2161 (75 10)"]
[Site "Internet Chess Club"]
[Date "2020.11.29"]
[Round "7"]
[White "tightfist"]
[Black "ivo20"]
[Result "1-0"]
[ICCResult "Black resigns"]
[WhiteElo "1507"]
[BlackElo "1416"]
[Opening "Réti opening"]
[ECO "A04"]
[NIC "QP.11"]
[Time "11:04:30"]
[PlyCount "85"]
[TimeControl "4500+10"]


1. Nf3 b6 2. g3 Bb7 3. Bg2 g6 4. O-O Bg7 5. d4 Nf6 6. c4 O-O 7. Nc3 Nc6 8.
Re1 Rb8 9. Bf4 Nh5 10. Bc1 Nf6 11. e4 Nb4 12. a3 Na6 13. Qc2 c5 14. d5 e6
15. Bf4 Ra8 16. Rad1 Nh5 17. Bd6 Re8 18. g4 Nf6 19. h3 Bf8 20. Nb5 exd5 21.
e5 Ne4 22. Bxf8 Rxf8 23. cxd5 Ng5 24. Nd6 Nxf3+ 25. Bxf3 Rb8 26. Qe2 Nc7
27. Nxb7 Rxb7 28. d6 Ne6 29. Bxb7 Qh4 30. Qf3 Ng5 31. Qg3 Qh6 32. h4 Ne6
33. g5 Qg7 34. f4 Nd4 35. Rxd4 cxd4 36. Qg4 f5 37. exf6 Qf7 38. Re7 Qc4 39.
Qe2 d3 40. Rg7+ Kh8 41. Qe3 Qc2 42. Rxh7+ Kxh7 43. Qe7+ { Black resigns }
1-0